 Dungeon Crawl Stone Soup version 0.30-a0-778-g2ef04afb54 (webtiles) character file.

Game seed: 747168929063679294

303 Pimp the Slasher (level 6, -13/51 HPs)
             Began as a Gnoll Reaver on Feb 15, 2023.
             Mangled by an ogre
             ... wielding a +0 giant club
              (18 damage)
             ... on level 6 of the Dungeon.
             The game lasted 00:09:47 (3263 turns).

Pimp the Slasher (Gnoll Reaver)                     Turns: 3263, Time: 00:09:47

Health: -13/51     AC:  3    Str: 14    XL:     6   Next: 38%
Magic:  11/14      EV: 12    Int: 12    God:
Gold:   44         SH:  0    Dex: 10    Spells: 9/15 levels left

rFire   . . .      SeeInvis .    a - +1 falchion
rCold   . . .      Faith    .    (no shield)
rNeg    . . .      Spirit   .    b - +0 leather armour
rPois   .          Reflect  .    (no helmet)
rElec   .          Harm     .    (no cloak)
rCorr   +          Rampage  .    (no gloves)
Will    .....                    (no boots)
Stlth   +                        (no amulet)
HPRegen 0.28/turn                l - ring of resist corrosion
MPRegen 0.14/turn                (no ring)

@: mighty, lethally poisoned (-13 -> -20), about to teleport
A: fangs 1, strong nose, distributed training
a: no special abilities


You were on level 6 of the Dungeon.
You visited 1 branch of the dungeon, and saw 5 of its levels.

You collected 139 gold pieces.
You spent 95 gold pieces at shops.

Inventory:

Hand Weapons
 a - a +1 falchion (weapon)
 d - a +1 antimagic sling
Missiles
 e - 54 stones
Armour
 b - a +0 leather armour (worn)
Jewellery
 l - a ring of resist corrosion (left hand)
Scrolls
 c - 7 scrolls of identify
 g - a scroll of fear {unknown}
 h - a scroll of amnesia {unknown}
 j - a scroll of blinking {unknown}
 k - a scroll of teleportation
 n - a scroll of magic mapping {unknown}
 o - 2 scrolls of enchant weapon
 p - a scroll of immolation {unknown}
Potions
 f - a potion of ambrosia
 i - a potion of might
 m - 2 potions of haste {unknown}


   Skills:
 + Level 5.0 Fighting
 + Level 2.0 Short Blades
 + Level 6.8 Long Blades
 + Level 2.0 Axes
 + Level 2.0 Maces & Flails
 + Level 2.0 Polearms
 + Level 2.0 Staves
 + Level 2.0 Ranged Weapons
 + Level 2.0 Throwing
 + Level 2.0 Armour
 + Level 5.0 Dodging
 + Level 2.0 Stealth
 + Level 2.0 Shields
 + Level 2.0 Unarmed Combat
 + Level 5.4 Spellcasting
 + Level 5.7 Conjurations
 + Level 1.6 Hexes
 + Level 1.6 Summonings
 + Level 1.6 Necromancy
 + Level 1.6 Translocations
 + Level 1.6 Transmutations
 + Level 1.6 Fire Magic
 + Level 1.6 Ice Magic
 + Level 1.6 Air Magic
 + Level 1.6 Earth Magic
 + Level 1.6 Poison Magic
 + Level 2.2 Invocations
 + Level 2.0 Evocations


You had 9 spell levels left.
You knew the following spells:

 Your Spells              Type           Power      Damage    Failure   Level
a - Kiss of Death         Conj/Necr      48%        2d9       5%          1
b - Hailstorm             Conj/Ice       12%        3d5       16%         3
c - Momentum Strike       Conj/Tloc      24%        3d8       8%          2

Your spell library contained the following spells:

 Spells                   Type           Power      Damage    Failure   Level
 Summon Small Mammal      Summ           28%        N/A       12%         1
 Call Canine Familiar     Summ           7%         N/A       36%         3
 Summon Guardian Golem    Hex/Summ       7%         N/A       36%         3


Dungeon Overview and Level Annotations

Branches:
Dungeon (4/15)
 Temple: D:4-7

Altars:
Wu Jian

Shops:
D:2 [[   D:3 *


Innate Abilities, Weirdness & Mutations

You have very sharp teeth.
Your uncanny sense of smell can sniff out nearby items.
Your experience applies equally to all skills.


Message History

You cannot move.
You cannot move.
You slash the water moccasin!
The water moccasin is moderately wounded.
The water moccasin bites you.
You hit the ogre but do no damage.
The ogre is heavily wounded.
The ogre hits you with a +0 giant club! The water moccasin barely misses you.
You cannot move.
You miss the water moccasin.
The water moccasin is moderately wounded.
The water moccasin bites you. The ogre barely misses you.
The water moccasin bites you.
You closely miss the water moccasin.
The water moccasin is moderately wounded.
The water moccasin closely misses you.
You feel better. The ogre hits you with a +0 giant club!
The water moccasin misses you.
You miss the water moccasin.
The water moccasin is moderately wounded.
You are no longer robbed of momentum.
The water moccasin bites you.
You are poisoned.
The water moccasin poisons you! The ogre hits you with a +0 giant club!
* * * LOW HITPOINT WARNING * * *
The water moccasin misses you.
As you read the scroll labelled JYSOUJ QAIRI, it crumbles to dust.
You feel strangely unstable.
It was a scroll of teleportation.
* * * LOW HITPOINT WARNING * * *
You feel very sick. The water moccasin bites you.
* * * LOW HITPOINT WARNING * * *
It was a potion of might.
You feel very mighty all of a sudden.
* * * LOW HITPOINT WARNING * * *
You feel very sick. The water moccasin bites you.
* * * LOW HITPOINT WARNING * * *
The ogre hits you with a +0 giant club!!
You die...

∆ ######## #
#...>#.##..### ###
#.....@S...... ...#
+......O.<.... ...#
##'###.....##. #..#
##...###+############..#
#.................'.[..#
#.................#....#
#....##..##.####>.##...#
#....##..##+#####'##...#
#....^.................#


You could see a water moccasin and an ogre.

Vanquished Creatures
  A centaur (D:6)
  A bullfrog (D:6)
  An iguana (D:6)
  2 adders (D:2)
  A white imp (D:6)
  A dart slug (D:1)
  7 orcs
  6 endoplasms
  3 giant cockroaches
  6 hobgoblins
  A quokka (D:3)
  6 ball pythons (D:1)
  7 bats
  5 frilled lizards
  6 goblins
  8 kobolds
  8 rats
70 creatures vanquished.

Vanquished Creatures (collateral kills)
  Terence (D:3)
  2 kobolds (D:2)
3 creatures vanquished.

Vanquished Creatures (others)
  A fungus (D:3)
  3 plants (D:3)
4 creatures vanquished.

Grand Total: 77 creatures vanquished

Notes
Turn   | Place    | Note
-------+----------+-------------------------------------------
     0 | D:1      | Pimp the Gnoll Reaver began the quest for the Orb.
     0 | D:1      | Reached XP level 1. HP: 20/20 MP: 6/6
    67 | D:1      | Reached XP level 2. HP: 22/26 MP: 7/7
   764 | D:1      | Reached skill level 5 in Spellcasting
   764 | D:1      | Reached XP level 3. HP: 30/31 MP: 7/9
   995 | D:2      | Reached skill level 1 in Invocations
  1145 | D:2      | Reached skill level 1 in Short Blades
  1145 | D:2      | Reached skill level 1 in Axes
  1145 | D:2      | Reached skill level 1 in Maces & Flails
  1145 | D:2      | Reached skill level 1 in Polearms
  1145 | D:2      | Reached skill level 1 in Staves
  1145 | D:2      | Reached skill level 1 in Ranged Weapons
  1145 | D:2      | Reached skill level 1 in Throwing
  1145 | D:2      | Reached skill level 1 in Armour
  1145 | D:2      | Reached skill level 1 in Stealth
  1145 | D:2      | Reached skill level 1 in Shields
  1145 | D:2      | Reached skill level 1 in Unarmed Combat
  1145 | D:2      | Reached skill level 1 in Evocations
  1320 | D:2      | Reached XP level 4. HP: 34/38 MP: 11/11
  1609 | D:2      | Found Rajoeblaw's Antique Armour Shop.
  1665 | D:2      | Found Paups's Armour Emporium.
  1949 | D:3      | Noticed Terence
  1961 | D:3      | Killed Terence
  1962 | D:3      | Reached skill level 1 in Hexes
  1962 | D:3      | Reached skill level 1 in Summonings
  1962 | D:3      | Reached skill level 1 in Necromancy
  1962 | D:3      | Reached skill level 1 in Translocations
  1962 | D:3      | Reached skill level 1 in Transmutations
  1962 | D:3      | Reached skill level 1 in Fire Magic
  1962 | D:3      | Reached skill level 1 in Ice Magic
  1962 | D:3      | Reached skill level 1 in Air Magic
  1962 | D:3      | Reached skill level 1 in Earth Magic
  1962 | D:3      | Reached skill level 1 in Poison Magic
  2034 | D:3      | Found Fycen's Assorted Antiques.
  2040 | D:3      | Bought an ivory ring for 95 gold pieces
  2302 | D:3      | Reached XP level 5. HP: 43/43 MP: 12/12
  2315 | D:3      | Found an ornate altar of the Wu Jian Council.
  2384 | D:3      | Found a faded altar of an unknown god.
  2826 | D:4      | You fall into a shaft and drop 2 floors!
  3064 | D:6      | Reached XP level 6. HP: 38/50 MP: 13/13
  3126 | D:6      | Learned a level 3 spell: Hailstorm
  3129 | D:6      | Learned a level 2 spell: Momentum Strike
  3152 | D:6      | Reached skill level 5 in Fighting
  3152 | D:6      | Reached skill level 5 in Dodging
  3253 | D:6      | Noticed a water moccasin
  3263 | D:6      | Mangled by an ogre

Illustrated notes

Levels and vault maps discovered:
D:1:      psy_arrival_terrarium, layout_basic
D:2:      minmay_kobold_bridge, layout_basic, serial_shops, shop, shop,
          minmay_goblin_kobold_house
D:3:      wad_crossroads, layout_basic, mainiacjoe_overflow_catwalk,
          serial_shops, shop, shapermc_ecumenical_altar_mp_ritualfount,
          chequers_serial_rivers_marsh, hangedman_decor_lopped, uniq_terence
D:4:      layout_loops_cross, mainiacjoe_overflow_tiny_flanked,
          lemuel_coloured_pillars_altar, grunt_ministairs_7,
          minmay_misc_feat_hallway
D:6:      layout_gridville, minmay_temple_entry_wispy

Skill      XL: |  1  2  3  4  5  6 |
---------------+-------------------+-----
Spellcasting   | 5 |  5.4
Invocations    | 1 2 |  2.2
Short Blades   | 1 2 |  2.0
Axes           | 1 2 |  2.0
Maces & Flails | 1 2 |  2.0
Polearms       | 1 2 |  2.0
Staves         | 1 2 |  2.0
Ranged Weapons | 1 2 |  2.0
Throwing       | 1 2 |  2.0
Armour         | 1 2 |  2.0
Stealth        | 1 2 |  2.0
Shields        | 1 2 |  2.0
Unarmed Combat | 1 2 |  2.0
Evocations     | 1 2 |  2.0
Hexes          | 1 |  1.6
Summonings     | 1 |  1.6
Necromancy     | 1 |  1.6
Translocations | 1 |  1.6
Transmutations | 1 |  1.6
Fire Magic     | 1 |  1.6
Ice Magic      | 1 |  1.6
Air Magic      | 1 |  1.6
Earth Magic    | 1 |  1.6
Poison Magic   | 1 |  1.6
Fighting       | 5 |  5.0
Dodging        | 5 |  5.0
Long Blades    | |  6.8
Conjurations   | |  5.7

Action                     |  1- 3 |  4- 6 || total
---------------------------+-------+-------++-------
  Melee: Falchion          |   107 |   152 ||   259
         Bite              |    14 |    12 ||    26
         Punch             |     1 |     1 ||     2
   Cast: Momentum Strike   |       |     2 ||     2
    Use: Scroll            |     2 |     4 ||     6
         Potion            |     2 |     2 ||     4
   Stab: Sleeping          |     1 |     2 ||     3
 Armour: Leather armour    |    26 |    29 ||    55
  Dodge: Dodged            |    92 |   105 ||   197

Table legend: (Time is in decaauts)
 A = Elapsed time spent in this place.
 B = Non-inter-level travel time spent in this place.
 C = Inter-level travel time spent in this place.
 D = Time resting spent in this place.
 E = Time spent auto-exploring this place.
 F = Levels seen in this place.
 G = Mean time per level.
                   A        B        C        D        E       F      G
               +--------+--------+--------+--------+--------+-----+--------+
         Total |   3256 |   3099 |    157 |    122 |   2285 |   5 |  651.2 |
       Dungeon |   3256 |   3099 |    157 |    122 |   2285 |   5 |  651.2 |
               +--------+--------+--------+--------+--------+-----+--------+

Top non-repeatable levels by time:
     D:3: 1008 daAuts
     D:1: 978 daAuts
     D:2: 834 daAuts
     D:6: 435 daAuts
